 Seeded DCSS version 0.29-a0-111-gbaf749a769 (webtiles) character file.

Game seed: 20220217 (custom seed)

36 Hubjo the Sneak (level 3, 0/39 HPs)
             Began as a Vampire Enchanter on Feb 17, 2022.
             Slain by a gnoll (6 damage)
             ... on level 4 of the Dungeon.
             The game lasted 00:02:26 (995 turns).

Hubjo the Sneak (Vampire Enchanter)                  Turns: 995, Time: 00:02:28

Health: 0/39       AC: 21    Str:  7    XL:     3   Next: 19%
Magic:  6/6        EV:  2    Int: 17    God:
Gold:   70         SH:  0    Dex: 16    Spells: 6/6 levels left

rFire   . . .      SeeInvis +   a - +2 dagger
rCold   . . .      Faith    .   (no shield)
rNeg    + . .      Spirit   .   (armour currently unavailable)
rPois   +          Reflect  .   (helmet currently unavailable)
rElec   .          Harm     .   (cloak currently unavailable)
rCorr   .          Rampage  .   (gloves currently unavailable)
Will    +....      NoTele   +   (boots currently unavailable)
Stlth   +++.......              (no amulet)
HPRegen 0.33/turn               f - ring of willpower
MPRegen 0.10/turn               j - ring of positive energy

@: brilliant, tree-form, healing quickly
A: stationary, stasis, torment immunity, boosted hp, alive, (fangs 3), see
invisible, vampiric 2
a: Exsanguinate


You were on level 4 of the Dungeon.
You were a tree.
You visited 1 branch of the dungeon, and saw 3 of its levels.

You collected 70 gold pieces.

Inventory:

Hand Weapons
 a - a +2 dagger (weapon)
Armour
 b - a +1 robe (melded)
Jewellery
 f - a ring of willpower (left branch)
 j - a ring of positive energy (right branch)
Potions
 c - a potion of invisibility


   Skills:
 * Level 1.3 Fighting
 + Level 1.5 Short Blades
 + Level 2.4 Dodging
 * Level 5.2 Stealth
 - Level 2.0 Spellcasting
 + Level 4.6 Hexes


You had 6 spell levels left.
You didn't know any spells.
Your spell library contained the following spells:

 Spells                   Type           Power      Damage    Failure   Level
 Confusing Touch          Hex            26%        N/A       9%          3
 Tukima's Dance           Hex            26%        N/A       9%          3
 Ensorcelled Hibernation  Hex/Ice        28%        N/A       12%         2
 Dazzling Flash           Conj/Hex       28%        N/A       22%         3


Dungeon Overview and Level Annotations

Branches:
Dungeon (2/15)

Altars:


Innate Abilities, Weirdness & Mutations

You are a tree.
Your roots penetrate the ground, keeping you stationary.
You cannot be teleported.
You are immune to unholy pain and torment.
Your maximum health is greatly increased.
Your equipment is partially melded.
Your natural rate of healing is accelerated.
((You have razor-sharp teeth.))
You have supernaturally acute eyesight. (SInv)
You are afflicted with vampirism and can become a bat while bloodless.


Message History

You are too injured to fight recklessly!
You are too injured to fight recklessly!
You are too injured to fight recklessly!
You are too injured to fight recklessly!
You are too injured to fight recklessly!
You are too injured to fight recklessly!
You are too injured to fight recklessly!
You barely miss the gnoll.
The gnoll is moderately wounded.
The gnoll hits you but does no damage. x2
You closely miss the gnoll.
The gnoll is moderately wounded.
The gnoll hits you from afar with a +0 halberd.
The gnoll hits you but does no damage. x2; The gnoll barely misses you.
You hit the gnoll.
The gnoll is moderately wounded.
The gnoll hits you from afar with a +0 spear.
The gnoll hits you but does no damage. x2; The gnoll hits you with a +0 club.
* * * LOW HITPOINT WARNING * * *
You hit the gnoll.
The gnoll is heavily wounded.
The gnoll hits you from afar with a +0 halberd.
* * * LOW HITPOINT WARNING * * *
The gnoll hits you but does no damage. x2
You hit the gnoll.
The gnoll is severely wounded.
The gnoll hits you but does no damage. x4
You barely miss the gnoll.
The gnoll is severely wounded.
The gnoll hits you but does no damage. x2
The gnoll hits you from afar with a +0 halberd.
* * * LOW HITPOINT WARNING * * *
The gnoll hits you but does no damage.
You hit the gnoll.
The gnoll is severely wounded.
The gnoll hits you but does no damage. x2
The gnoll hits you from afar with a +0 spear.
* * * LOW HITPOINT WARNING * * *
The gnoll hits you from afar with a +0 spear.
You die...

##### ....
#.♣g######....
#.†.g.........
#..gg........#
#.?..........#
#...(........#
#............#
#............#
#...##########
#...#


You could see 4 gnolls.

Vanquished Creatures
  2 dart slugs (D:1)
  2 bats (D:1)
  3 endoplasms (D:1)
  3 giant cockroaches (D:1)
  5 goblins (D:1)
  2 hobgoblins (D:1)
  7 ball pythons
  A frilled lizard (D:1)
  2 kobolds (D:1)
  2 rats (D:1)
29 creatures vanquished.

Notes
Turn   | Place    | Note
-------+----------+-------------------------------------------
     0 | D:1      | Hubjo the Vampire Enchanter began the quest for the Orb.
     0 | D:1      | Reached XP level 1. HP: 13/13 MP: 3/3
   124 | D:1      | Reached XP level 2. HP: 19/20 MP: 5/5
   218 | D:1      | Reached skill level 1 in Fighting
   330 | D:1      | Reached skill level 5 in Stealth
   456 | D:1      | Gained mutation: You are afflicted with vampirism and can
                  | become a bat while bloodless. [Vampire growth]
   456 | D:1      | Reached XP level 3. HP: 16/26 MP: 6/6
   969 | D:2      | You fall into a shaft and drop 2 floors!
   995 | D:4      | Slain by a gnoll

Illustrated notes

Levels and vault maps discovered:
D:1:      heliophobic_arrival_ceremonial_halls, layout_loops_cross,
          serial_glass, glass_columns_a, glass_columns_c
D:2:      layout_loops_ring, minmay_misc_feat_secret_circle, nrook_uturn
D:4:      layout_basic, kennysheep_small_square, uniq_sigmund

Skill      XL: |  1  2 |
---------------+-------+-----
Fighting       | 1 |  1.3
Stealth        | 5 |  5.2
Short Blades   | |  1.5
Dodging        | |  2.4
Spellcasting   | |  2.0
Hexes          | |  4.6

Action                   || total
-------------------------++-------
Melee: Dagger            ||   105
       Bite              ||     5
       Punch             ||     3
  Use: Scroll            ||     4
       Potion            ||     3
 Stab: Sleeping          ||    11
Armor: Robe              ||    30
       Skin              ||    45
Dodge: Dodged            ||    74

Table legend: (Time is in decaauts)
 A = Elapsed time spent in this place.
 B = Non-inter-level travel time spent in this place.
 C = Inter-level travel time spent in this place.
 D = Time resting spent in this place.
 E = Time spent auto-exploring this place.
 F = Levels seen in this place.
 G = Mean time per level.
                   A        B        C        D        E       F      G
               +--------+--------+--------+--------+--------+-----+--------+
         Total |    987 |    987 |      0 |      0 |    649 |   3 |  329.0 |
       Dungeon |    987 |    987 |      0 |      0 |    649 |   3 |  329.0 |
               +--------+--------+--------+--------+--------+-----+--------+

Top non-repeatable levels by time:
     D:1: 887 daAuts
     D:2: 75 daAuts
     D:4: 24 daAuts
